 Dungeon Crawl Stone Soup version 0.29-a0-506-ga2e7fffb44 (webtiles) character file.

Game seed: 8710658655071333666

120 Zdeegee the Skirmisher (level 4, -1/39 HPs)
             Began as a Palentonga Berserker on May 29, 2022.
             Was a Believer of Trog.
             Slain by a gnoll
             ... wielding a +0 spear
             ... led by a gnoll shaman
              (5 damage)
             ... on level 4 of the Dungeon.
             The game lasted 00:04:10 (3010 turns).

Zdeegee the Skirmisher (Palentonga Berserker)       Turns: 3010, Time: 00:04:12

Health: -1/39      AC:  5    Str: 23    XL:     4   Next: 75%
Magic:  4/4        EV: 10    Int:  7    God:    Trog [**....]
Gold:   161        SH:  0    Dex:  9    Spells: 3/3 levels left

rFire   . . .      SeeInvis +   d - +0 lajatang
rCold   + . .      Faith    .   (shield currently unavailable)
rNeg    . . .      Spirit   .   b - +0 animal skin
rPois   .          Reflect  .   (no helmet)
rElec   .          Harm     .   e - +0 cloak
rCorr   .          Rampage  .   (no gloves)
Will    .....                   (no barding)
Stlth   +.........              (no amulet)
HPRegen 0.13/turn               c - ring of protection from cold
MPRegen 0.09/turn               (no ring)

@: lit by a corona, on berserk cooldown, slowed, glowing, very slow
A: large, rugged brown scales 3, see invisible, deformed body, roll 1, armoured
tail
a: Rolling Charge, Renounce Religion, Berserk, Trog's Hand


You were on level 4 of the Dungeon.
You worshipped Trog.
Trog was pleased with you.
You visited 1 branch of the dungeon, and saw 4 of its levels.

You collected 161 gold pieces.

Inventory:

Hand Weapons
 a - a +0 falchion
 d - a +0 lajatang (weapon)
 t - a +0 fustibalus
Missiles
 i - 2 throwing nets
 p - 4 silver javelins (quivered)
Armour
 b - a +0 animal skin (worn)
 e - a +0 cloak (worn)
Jewellery
 c - a ring of protection from cold (left hand)
 s - an amulet of magic regeneration
Scrolls
 f - a scroll of noise {unknown}
 h - a scroll of enchant weapon {unknown}
 j - 4 scrolls of identify {unknown}
 k - a scroll of vulnerability {unknown}
 q - a scroll of fear {unknown}
Potions
 g - 2 potions of resistance {unknown}
 l - a potion of mutation {unknown}
 m - 5 potions of curing {unknown}
 n - a potion of flight {unknown}
 o - 2 potions of heal wounds {unknown}
 r - a potion of haste {unknown}


   Skills:
 * Level 4.0 Fighting
 + Level 3.1 Long Blades
 + Level 1.3 Staves
 * Level 1.8 Armour
 * Level 2.0 Dodging
 + Level 0.1 Stealth
 * Level 1.4 Translocations
 * Level 1.0 Invocations
 * Level 0.5 Evocations


You had 3 spell levels left.
You didn't know any spells.
Your spell library was empty.

Dungeon Overview and Level Annotations

Branches:
Dungeon (4/15)             Temple (0/1) D:4

Altars:
Hepliaklqana
Zin


Innate Abilities, Weirdness & Mutations

You are completely covered in rugged brown scales. (AC +3, +7% HP)
You have supernaturally acute eyesight. (SInv)
Armour fits poorly on your strangely shaped body.
You can roll at nearby foes to attack.
You have a long armoured tail.


Message History

Trog accepts your kill.
The gnoll hits you from afar with a +0 spear!
* * * LOW HITPOINT WARNING * * *
Trog does not appreciate your training of magic skills!
You feel a little guilty.
Your Fighting skill increases to level 4!
Your Staves skill increases to level 1!
Your Dodging skill increases to level 2!
Your Invocations skill increases to level 1!
You slash the gnoll!
You kill the gnoll!
Trog accepts your kill. The gnoll hits you but does no damage.
Trog does not appreciate your training of magic skills!
You barely miss the giant cockroach. You tail-slap the giant cockroach.
You kill the giant cockroach!
Trog accepts your kill. The gnoll closely misses you.
You hit the goblin.
You kill the goblin!
Trog accepts your kill.
Trog does not appreciate your training of magic skills!
You feel a little guilty.
A quokka comes into view.
The gnoll hits you with a +0 spear.
* * * LOW HITPOINT WARNING * * *
The gnoll completely misses you.
Items here: ))) [ ††.
You feel a strong urge to attack something.
The gnoll hits you but does no damage.
You closely miss the adder.
Your tail-slap misses the adder.
The adder barely misses you.
You slash the adder!
You kill the adder!
Trog accepts your kill.
You are no longer berserk.
You are exhausted.
You feel yourself slow down.
The gnoll hits you from afar with a +0 spear.
You die...

#....≈≈≈.
#........ #.....r.
....... #....#
#..gg### #g#.#
##### ## #†#.#
#...# ##.# #@#.#
#.#.###..# #.#.#
#....^#..# #.#.#
##.###.....
#.#.####.#####...#
#.....#.##.##....#
###.....#........#
####.#.).>..#..#
##.......###.#
#..####..## ..


You could see 3 gnolls and a quokka.

Vanquished Creatures
  A gnoll shaman (D:4)
  A gnoll (D:4)
  3 adders
  A worm (D:2)
  A dart slug (D:1)
  An orc (D:3)
  7 ball pythons
  5 bats
  8 endoplasms
  4 giant cockroaches
  4 hobgoblins
  3 jackals (D:3)
  4 kobolds
  5 quokkas
  2 frilled lizards
  3 goblins
  2 rats (D:2)
55 creatures vanquished.

Notes
Turn   | Place    | Note
-------+----------+-------------------------------------------
     0 | D:1      | Zdeegee the Palentonga Berserker began the quest for the
                  | Orb.
     0 | D:1      | Reached XP level 1. HP: 19/19 MP: 1/1
   272 | D:1      | Reached XP level 2. HP: 25/25 MP: 2/2
   550 | D:1      | Reached skill level 1 in Translocations
  1211 | D:2      | Found a hazy altar of Hepliaklqana.
  1268 | D:2      | Reached XP level 3. HP: 30/31 MP: 3/3
  2346 | D:3      | Reached XP level 4. HP: 11/39 MP: 4/4
  2767 | D:3      | Found a faded altar of an unknown god.
  2914 | D:4      | Found a glowing silver altar of Zin.
  2943 | D:4      | Reached ** piety under Trog
  2944 | D:4      | Found a staircase to the Ecumenical Temple.
  3003 | D:4      | Reached skill level 4 in Fighting
  3003 | D:4      | Reached skill level 1 in Staves
  3003 | D:4      | Reached skill level 1 in Invocations
  3010 | D:4      | Slain by a gnoll

Illustrated notes

Levels and vault maps discovered:
D:1:      amcnicky_arrival_blooded_trapdoor, layout_loops_cross
D:2:      layout_basic, basic_altar, serial_corexii_hall,
          chequers_hall_statues_wall_a, chequers_hall_statues_y
D:3:      layout_rooms, chequers_ecumenical_altar_lobes, st_stairs_11,
          corexii_hall_statues_i
D:4:      layout_loops_ring, tgw_sif, lemuel_round_altar, elyvilon_altar_3,
          minmay_temple_entry_wispy, gup_sewer_entry_pipe,
          amcnicky_mini_rare_corridor_liquid, kennysheep_small_square

Skill      XL: |  1  2  3  4 |
---------------+-------------+-----
Translocations | 1 |  1.4
Fighting       | 4 |  4.0
Staves         | 1 |  1.3
Dodging        | 2 |  2.0
Invocations    | 1 |  1.0
Long Blades    | |  3.1
Armour         | |  1.8
Stealth        | |  0.1
Evocations     | |  0.5

Action                   |  1- 3 |  4- 6 || total
-------------------------+-------+-------++-------
Melee: Lajatang          |   122 |    23 ||   145
       Falchion          |    10 |       ||    10
       Tailslap          |    13 |     2 ||    15
Throw: Javelin           |     5 |       ||     5
Invok: Berserk           |       |     1 ||     1
 Abil: Rolling Charge    |     1 |       ||     1
 Stab: Sleeping          |     1 |     1 ||     2
Armor: Animal skin       |    81 |     7 ||    88
Dodge: Dodged            |    73 |    11 ||    84

Table legend: (Time is in decaauts)
 A = Elapsed time spent in this place.
 B = Non-inter-level travel time spent in this place.
 C = Inter-level travel time spent in this place.
 D = Time resting spent in this place.
 E = Time spent auto-exploring this place.
 F = Levels seen in this place.
 G = Mean time per level.
                   A        B        C        D        E       F      G
               +--------+--------+--------+--------+--------+-----+--------+
         Total |   3063 |   2955 |    108 |    314 |   2214 |   4 |  765.8 |
       Dungeon |   3063 |   2955 |    108 |    314 |   2214 |   4 |  765.8 |
               +--------+--------+--------+--------+--------+-----+--------+

Top non-repeatable levels by time:
     D:3: 1079 daAuts
     D:2: 971 daAuts
     D:1: 866 daAuts
     D:4: 146 daAuts
